 Dungeon Crawl Stone Soup version 0.31-a0-799-g6bc09d010c (webtiles) character file.

Game seed: 2719873741673913530

35 Maratek the Ducker (level 3, -5/26 HPs)
             Began as an Octopode Fighter on Sept 19, 2023.
             Slain by Robin
             ... wielding a +5 club
              (6 damage)
             ... on level 2 of the Dungeon.
             The game lasted 00:00:44 (788 turns).

Maratek the Ducker (Octopode Fighter)                Turns: 788, Time: 00:00:45

Health: -5/26      AC:  1    Str: 17    XL:     3   Next: 35%
Magic:  3/3        EV: 13    Int: 10    God:
Gold:   51         SH:  4    Dex: 11    Spells: 2/2 levels left

rFire   . . .        a - +0 trident
rCold   . . .        b - +0 buckler
rNeg    . . .        (helmet restricted)
rPois   .            (no amulet)
rElec   .            (no ring)
rCorr   .            (no ring)
SInv    .            (no ring)
Will    .....        (no ring)
Stlth   ++           (no ring)
HPRegen 0.24/turn    (no ring)
MPRegen 0.08/turn    (no ring)
                     (no ring)

%: no passive effects
@: no status effects
A: almost no armour, amphibious, 8 rings, camouflage 1, gelatinous body 1,
(nimble swimmer 1), tentacles
a: no special abilities


You were on level 2 of the Dungeon.
You visited 1 branch of the dungeon, and saw 2 of its levels.

You collected 51 gold pieces.

Inventory:

Hand Weapons
 a - a +0 trident (weapon)
Armour
 b - a +0 buckler (worn)
Scrolls
 d - a scroll of fear {unknown}
 e - a scroll of teleportation {unknown}
 f - a scroll of enchant armour {unknown}
 h - a scroll of revelation {unknown}
Potions
 c - a potion of might
 g - 2 potions of cancellation {unknown}


   Skills:
 + Level 3.3 Fighting
 + Level 2.2 Polearms
 + Level 3.4 Dodging
 + Level 1.1 Stealth
 + Level 3.3 Shields


You had 2 spell levels left.
You didn't know any spells.
Your spell library contained the following spells:

 Spells                   Type           Power      Damage    Failure   Level
 Sublimation of Blood     Necr           0%         N/A       58%         2
 Petrify                  Tmut/Erth      0%         N/A       99%         4
 Irradiate                Conj/Tmut      0%         3d11      100%        5


Dungeon Overview and Level Annotations

Branches:
Dungeon (2/15)

Altars:

Annotations:
D:2 Robin


Innate Abilities, Weirdness & Mutations

You cannot wear most types of armour.
You are amphibious.
You can wear up to eight rings at the same time.
Your skin changes colour to match your surroundings (Stealth+).
Your rubbery body absorbs attacks. (AC +1, EV +1)
((You are camouflaged when in or above water. (Stealth+)))
You have tentacles for arms and can constrict up to eight enemies at once.


Message History

Robin shouts!
The goblin shouts! x2
You puncture the goblin!
You kill the goblin!
You puncture the hobgoblin!
You kill the hobgoblin!
Robin roars a battlecry!
The goblins go into a battle-frenzy!
You closely miss the goblin. You grab the goblin. You constrict the goblin.
The goblin closely misses you.
You hit the goblin.
You kill the goblin!
Robin throws the goblin at you! The hobgoblin barely misses you.
The goblin hits you with a +0 dagger.
You hit the hobgoblin but do no damage. You grab the hobgoblin.
You constrict the hobgoblin. The hobgoblin closely misses you.
You hit the hobgoblin.
You kill the hobgoblin!
The goblin hits you with a +0 dagger. The goblin closely misses you.
You hit the goblin.
You kill the goblin!
The goblin hits you with a +0 dagger. The goblin hits you with a +0 club!
* * * LOW HITPOINT WARNING * * *
The goblin unwields a +0 dagger.
The goblin wields a +0 sling.
The goblin shoots a sling bullet.
The sling bullet hits you.
* * * LOW HITPOINT WARNING * * *
You are too injured to fight recklessly!
You are too injured to fight recklessly!
You are too injured to fight recklessly!
You are too injured to fight recklessly!
You are too injured to fight recklessly!
Robin throws the goblin at you! You block the goblin's attack.
The goblin unwields a +0 sling.
The goblin wields a +0 dagger.
The goblin hits you with a +0 dagger.
* * * LOW HITPOINT WARNING * * *
Items here: ))) †††.
You miss the goblin. You grab the goblin.
You squeeze the goblin, but do no damage.
You constrict the goblin. Robin hits you with a +5 club.
You die...
Robin lets out a smug laugh.

.. # #.. #. #
(.## ...####.
#..
........##.#
..<.... ...#
..?..gg##g.#
.......g@ggb#
##
#..#.#######.#
#...... # ###.#
#####.#.#.#.#
#...###### #
....#.#...#.#
#.#......# .
....#.#.#...#..
#.#.<..#.#.#
....#.†..)....
# #.##.#.#)#
..).......#.###
#..#.....#
....#..#.....>.
#.##...#


You could see Robin, 5 goblins and a bat.

Vanquished Creatures
  2 adders (D:2)
  A bat (D:2)
  An endoplasm (D:2)
  5 goblins
  2 hobgoblins (D:2)
  A quokka (D:1)
  A ball python (D:1)
  2 rats (D:1)
15 creatures vanquished.

Notes
Turn   | Place    | Note
-------+----------+-------------------------------------------
     0 | D:1      | Maratek the Octopode Fighter began the quest for the Orb.
     0 | D:1      | Reached XP level 1. HP: 16/16 MP: 1/1
   703 | D:2      | Reached XP level 2. HP: 21/21 MP: 2/2
   709 | D:2      | Reached skill level 1 in Stealth
   709 | D:2      | Reached XP level 3. HP: 20/26 MP: 3/3
   777 | D:2      | Noticed Robin
   787 | D:2      | HP: 1/26 [goblin/+0 dagger[Robin] (3)]
   788 | D:2      | Slain by Robin

Illustrated notes

Levels and vault maps discovered:
D:1:      lightli_arrival_flooded_house, layout_loops_ring
D:2:      layout_basic, st_stairs_2, uniq_robin, uniq_natasha, uniq_sigmund

Skill      XL: |  1  2 |
---------------+-------+-----
Stealth        | 1 |  1.1
Fighting       | |  3.3
Polearms       | |  2.2
Dodging        | |  3.4
Shields        | |  3.3

Action                     || total
---------------------------++-------
  Melee: Trident           ||    25
         Constrict         ||     9
         Tentacles         ||     4
   Stab: Sleeping          ||     5
 Armour: Skin              ||    10
  Dodge: Dodged            ||     9
  Block: Buckler           ||     2

Table legend: (Time is in decaauts)
 A = Elapsed time spent in this place.
 B = Non-inter-level travel time spent in this place.
 C = Inter-level travel time spent in this place.
 D = Time resting spent in this place.
 E = Time spent auto-exploring this place.
 F = Levels seen in this place.
 G = Mean time per level.
                   A        B        C        D        E       F      G
               +--------+--------+--------+--------+--------+-----+--------+
         Total |    793 |    732 |     61 |      0 |    649 |   2 |  396.5 |
       Dungeon |    793 |    732 |     61 |      0 |    649 |   2 |  396.5 |
               +--------+--------+--------+--------+--------+-----+--------+

Top non-repeatable levels by time:
     D:1: 701 daAuts
     D:2: 91 daAuts
